 Dungeon Crawl Stone Soup version 0.22-a0-284-g99d1f74 (webtiles) character file.

156 Gildeon the Slasher (level 4, -2/37 HPs)
             Began as a Demigod Fighter on Mar 21, 2018.
             Slain by Menkaure (17 damage)
             ... on level 4 of the Dungeon.
             The game lasted 00:10:39 (3405 turns).

Gildeon the Slasher (Demigod Fighter)               Turns: 3405, Time: 00:10:40

Health: -2/37      AC: 10    Str: 26    XL:     4   Next: 91%
Magic:  6/6        EV:  8    Int: 12    God:
Gold:   219        SH:  0    Dex: 15    Spells: 3/3 levels left

rFire    . . .     SeeInvis .   a - +0 long sword
rCold    . . .     Gourm    .   (no shield)
rNeg     . . .     Faith    .   j - +0 chain mail
rPois    .         Spirit   .   (no helmet)
rElec    .         Reflect  .   (no cloak)
rCorr    .         Harm     .   b - +0 pair of gloves
MR       .....                  (no boots)
Stlth    ..........             e - amulet of the acrobat
HPRegen  0.12/turn              (no ring)
MPRegen  0.10/turn              (no ring)

@: mighty
A: high mp 1
a: no special abilities


You were on level 4 of the Dungeon.
You were not hungry.

You visited 1 branch of the dungeon, and saw 5 of its levels.

You collected 219 gold pieces.

Inventory:

Hand Weapons
 a - a +0 long sword (weapon)
Armour
 b - a +0 pair of gloves (worn)
 j - a +0 chain mail (worn)
Jewellery
 e - an amulet of the acrobat (around neck)
Scrolls
 m - 2 scrolls of identify {unknown}
 n - 2 scrolls of remove curse
 o - a scroll of teleportation
 p - 3 scrolls of fog
Potions
 c - 3 potions of curing {unknown}
 d - a potion of might
 g - a potion of cancellation {unknown}
 h - a potion of heal wounds {unknown}
 i - a potion of lignification {unknown}
 l - a potion of haste {unknown}
Comestibles
 f - 4 rations
 k - 3 chunks of flesh


   Skills:
 - Level 2.6 Fighting
 + Level 4.9 Long Blades
 - Level 2.6 Armour
   Level 2.6 Shields


You had 3 spell levels left.
You didn't know any spells.

Dungeon Overview and Level Annotations

Branches:
Dungeon (5/15)
 Temple: D:4-7

Annotations:
D:4 Menkaure


Innate Abilities, Weirdness & Mutations

You have an increased reservoir of magic. (+10% MP)


Message History

The worker ant bites you but does no damage.
You slash the worker ant!
The worker ant is almost dead.
The worker ant bites you but does no damage. x2
You slash the worker ant!
You kill the worker ant!
You start resting.
HP restored.
p - 3 scrolls of fog You now have 219 gold pieces (gained 10).
Menkaure, Prince of Dust comes into view.
Menkaure shouts!
You feel very mighty all of a sudden.
Menkaure calls on the powers of darkness!
Your body is wracked with pain!
You barely miss Menkaure. Menkaure hits you.
You slash Menkaure!
Menkaure is moderately damaged.
Menkaure hits you!
You die...

......# #.# #.#
#.(#.## #.# #.#
#[.#.#####.###.######.
#..#......<...........
#..#......).##.#####.#
...#.#####..##.#
##....
.....##.#####.#.#
###.#
####........:.... ...
####.#@###.## ...
#.#M# ... #...# #####


You could see Menkaure.

Vanquished Creatures
  2 worker ants (D:4)
  A gnoll (D:1)
  5 adders
  2 dart slugs
  The ghost of Amnesiac the Ducker, a weakling SpFi (D:4)
  2 leopard geckos (D:1)
  An orc (D:4)
  2 giant cockroaches
  5 goblins
  5 hobgoblins
  6 kobolds
  3 quokkas
  3 ball pythons
  6 bats
  A frilled lizard (D:1)
  7 rats
52 creatures vanquished.

Notes
Turn   | Place    | Note
-------+----------+-------------------------------------------
     0 | D:1      | Gildeon the Demigod Fighter began the quest for the Orb.
     0 | D:1      | Reached XP level 1. HP: 18/18 MP: 3/3
    56 | D:1      | Reached skill level 2 in Long Blades
   312 | D:1      | Reached XP level 2. HP: 23/25 MP: 4/4
   540 | D:1      | Reached skill level 3 in Long Blades
   739 | D:1      | Reached XP level 3. HP: 12/30 MP: 5/5
  1544 | D:2      | Found a hazy altar of Hepliaklqana.
  2270 | D:3      | Reached skill level 4 in Long Blades
  2440 | D:3      | Reached XP level 4. HP: 31/37 MP: 6/6
  3173 | D:4      | Noticed Amnesiac's ghost (weakling SpFi)
  3178 | D:4      | Killed Amnesiac's ghost
  3246 | D:5      | Entered Level 5 of the Dungeon
  3401 | D:4      | Noticed Menkaure
  3405 | D:4      | Slain by Menkaure

Vault maps used:
D:1:      lemuel_arrival_broad_hall
D:2:      lemuel_doored_altar, serial_forest, infiniplex_forest_lined_3_way,
          infiniplex_forest_end_3, infiniplex_forest_lined_3,
          infiniplex_forest_clump_long, infiniplex_forest_clump_diagonal,
          infiniplex_forest_clump_small, infiniplex_forest_end_3
D:3:      minmay_unequal
D:4:      moated_statue, uniq_menkaure
D:5:      first_ration, kennysheep_windowed_goal

Skill      XL: |  1  2  3 |
---------------+----------+-----
Long Blades    | 2 3 4 |  4.9
Fighting       | |  2.6
Armour         | |  2.6
Shields        | |  2.6

Action                   |  1- 3 |  4- 6 || total
-------------------------+-------+-------++-------
Melee: Long sword        |   119 |    50 ||   169
  Use: Scroll            |     4 |     3 ||     7
       Potion            |       |     2 ||     2
  Eat: Chunk             |     2 |       ||     2
       Ration            |     1 |     1 ||     2
Armor: Scale mail        |    46 |       ||    46
       Chain mail        |    28 |    38 ||    66
Dodge: Dodged            |    74 |    33 ||   107
       Rpst.: Long sword |    25 |    10 ||    35

Table legend:
 A = Spawn XP
 B = Non-spawn XP
 C = Spawn XP percentage of total XP
 D = Spawn monster count
 E = Non-spawn monster count
 F = Spawn count percentage of total count
 G = Total turns spent on level
                    A         B        C        D         E        F      G
               +---------+---------+-------+---------+---------+-------+---------
         Total |       0 |     223 |   0.0 |       0 |      52 |   0.0 |  3405
               +---------+---------+-------+---------+---------+-------+---------
           D:1 |       0 |      55 |   0.0 |       0 |      24 |   0.0 |  1323
           D:2 |       0 |      38 |   0.0 |       0 |       9 |   0.0 |   699
           D:3 |       0 |      54 |   0.0 |       0 |      13 |   0.0 |  1028
           D:4 |       0 |      76 |   0.0 |       0 |       6 |   0.0 |   346
               +---------+---------+-------+---------+---------+-------+---------
